 Dungeon Crawl Stone Soup version 0.25-a0-774-g40ae2d4f90 (webtiles) character file.

Game seed: 3991044916299382820, levelgen mode: deterministic

349 Rubbish the Slinger (level 6, -9/41 HPs)
             Began as a Halfling Hunter on Apr 14, 2020.
             Was a Believer of Nemelex Xobeh.
             Splashed by a jelly's acid (11 damage)
             ... on level 5 of the Dungeon.
             The game lasted 00:49:20 (3427 turns).

Rubbish the Slinger (Halfling Hunter)               Turns: 3427, Time: 00:49:20

Health: -9/41      AC: -7    Str: 13    XL:     6   Next: 92%
Magic:  6/6        EV: 16    Int:  9    God:    Nemelex Xobeh [**....]
Gold:   170        SH:  0    Dex: 17    Spells: 4/5 levels left

rFire    . . .     SeeInvis .   d - +2 dagger (venom)
rCold    . . .     Gourm    .   (shield restricted)
rNeg     + . .     Faith    .   t - +0 leather armour (curse)
rPois    +         Spirit   .   z - +0 helmet
rElec    .         Reflect  .   (no cloak)
rCorr    .         Harm     .   (no gloves)
MR       +....                  (no boots)
Stlth    ++........             u - amulet of Propriety {+Rage rPois MR+}
HPRegen  0.13/turn              s - ring of positive energy
MPRegen  0.10/turn              (no ring)

@: corroded
A: small, mutation resistance 1
a: Draw Escape, Draw Destruction, Draw Summoning, Renounce Religion, Evoke
Berserk Rage


You were on level 5 of the Dungeon.
You worshipped Nemelex Xobeh.
Nemelex Xobeh was pleased with you.
You were very hungry.

You visited 1 branch of the dungeon, and saw 5 of its levels.

You collected 170 gold pieces.

Inventory:

Hand Weapons
 a - a +1 hunting sling
 d - a +2 dagger of venom (weapon)
 v - a +0 falchion
Missiles
 g - 19 poisoned darts (quivered)
 h - 69 arrows
 l - 27 bolts
 m - 94 stones
 p - 3 atropa-tipped darts
 w - 6 sling bullets
 y - 7 datura-tipped darts
Armour
 j - a +0 leather armour
 t - a cursed +0 leather armour (worn)
 z - a +0 helmet (worn)
Jewellery
 s - a ring of positive energy (left hand)
 u - the amulet of Propriety (around neck) {+Rage rPois MR+}
   (You found it on level 4 of the Dungeon)

   [amulet of rage]

   It protects you from poison.
   It affects your resistance to hostile enchantments.
   It lets you go berserk.
Scrolls
 c - a scroll of amnesia {unknown}
 i - 2 scrolls of blinking {unknown}
 k - a scroll of noise {unknown}
 o - 2 scrolls of enchant weapon {unknown}
 q - 2 scrolls of identify {unknown}
 r - 3 scrolls of remove curse
Potions
 b - a potion of curing {unknown}
 e - a potion of haste {unknown}
 n - a potion of degeneration {unknown}
 x - 2 potions of lignification {unknown}
Comestibles
 f - 7 rations


   Skills:
 + Level 2.7 Fighting
 + Level 1.7 Short Blades
 + Level 8.5 Slings
 + Level 0.1(3.5) Throwing
 + Level 2.2 Armour
 + Level 3.5 Dodging
 + Level 1.6 Stealth
 + Level 0.3 Spellcasting
 + Level 0.1 Conjurations


You had 4 spell levels left.
You knew the following spells:

 Your Spells              Type           Power        Failure   Level  Hunger
a - Magic Dart            Conj           #...         43%         1    ##.....

Your spell library contained the following spells:

 Spells                   Type           Power        Failure   Level  Hunger
 Blink                    Tloc           N/A          58%         2    ###....
 Call Imp                 Summ           #.......     58%         2    ###....
 Slow                     Hex            #.......     58%         2    ###....
 Conjure Flame            Conj/Fire      #.......     83%         3    ####...
 Mephitic Cloud           Conj/Pois/Air  #.......     83%         3    ####...


Dungeon Overview and Level Annotations

Branches:
Dungeon (5/15)
 Temple: D:4-7

Altars:
Nemelex Xobeh
Trog

Shops:
D:4 :*=

Annotations:
D:2 Sigmund
D:4 Edmund, Menkaure


Innate Abilities, Weirdness & Mutations

You are small and have problems with some larger weapons.
You are somewhat resistant to further mutation.


Message History

The jelly is almost dead.
The jelly hits you.
You are splashed with acid!
You hit the jelly but do no damage. The acid corrodes you!
Your hands burn!
The jelly is almost dead.
You hit the jelly but do no damage. The acid corrodes you!
Your hands burn!
The jelly is almost dead.
The jelly closely misses you.
You hit the jelly but do no damage.
Your hands burn!
* * * LOW HITPOINT WARNING * * *
The jelly is almost dead.
The jelly hits you.
* * * LOW HITPOINT WARNING * * *
The acid corrodes you!
You are splashed with acid!
* * * LOW HITPOINT WARNING * * *
There is a stone staircase leading up here.
The jelly hits you.
* * * LOW HITPOINT WARNING * * *
The acid corrodes you!
You are splashed with acid!
You die...
Your body glows slightly and disappears.

.........#
.........#
.........# #...#
##############...#
#......#.........#
#......#.........#
#......#.........#
###...##...@.....##
#.<.##...J......#
+...............+
#...##....#######
##..##....##...##..
#..##....(........
...#..............
....#.....##...##..
.##..##....# ..>#


You could see a jelly.

Vanquished Creatures
  A phantom (D:4)
  2 scorpions
  A hound (D:4)
  Jessica (D:3)
  A worker ant (D:5)
  Robin (D:3)
  An adder (D:3)
  An ooze (D:3)
  A worm (D:3)
  2 dart slugs
  2 leopard geckos
  An orc (D:4)
  2 giant cockroaches
  13 goblins
  5 hobgoblins
  2 kobolds
  2 quokkas (D:2)
  9 bats
  4 frilled lizards
  5 rats
57 creatures vanquished.

Notes
Turn   | Place    | Note
-------+----------+-------------------------------------------
     0 | D:1      | Rubbish the Halfling Hunter began the quest for the Orb.
     0 | D:1      | Reached XP level 1. HP: 14/14 MP: 1/1
    61 | D:1      | Reached skill level 6 in Slings
   627 | D:1      | Reached XP level 2. HP: 18/19 MP: 2/2
   884 | D:2      | Learned a level 1 spell: Magic Dart
   971 | D:2      | Noticed Sigmund
  1084 | D:2      | Found a faded altar of an unknown god.
  1141 | D:2      | Became a worshipper of Nemelex Xobeh the Trickster
  1141 | D:2      | Received a gift from Nemelex Xobeh
  1141 | D:2      | Reached * piety under Nemelex Xobeh
  1154 | D:2      | Reached XP level 3. HP: 24/24 MP: 3/3
  1638 | D:3      | Noticed Robin
  1860 | D:3      | Reached skill level 1 in Short Blades
  1874 | D:3      | Reached skill level 1 in Armour
  1928 | D:3      | Reached XP level 4. HP: 20/29 MP: 4/4
  2065 | D:3      | Reached skill level 7 in Slings
  2104 | D:3      | Reached ** piety under Nemelex Xobeh
  2201 | D:3      | Killed Robin
  2612 | D:3      | Noticed Jessica
  2624 | D:3      | Killed Jessica
  2624 | D:3      | Reached XP level 5. HP: 29/34 MP: 5/5
  2675 | D:4      | Noticed Edmund
  2714 | D:4      | Found Moblufra's Jewellery Shop.
  2714 | D:4      | Received a gift from Nemelex Xobeh
  2716 | D:4      | Got a fine amethyst amulet
  2717 | D:4      | Identified the amulet of Propriety {+Rage rPois MR+} (You
                  | found it on level 4 of the Dungeon)
  2865 | D:4      | Found a bloodstained altar of Trog.
  2866 | D:4      | Noticed a wizard
  3040 | D:4      | Found Cawiyr's General Store.
  3152 | D:4      | Reached XP level 6. HP: 40/40 MP: 6/6
  3167 | D:4      | Noticed Menkaure
  3170 | D:4      | Found Igaeneth's Book Shoppe.
  3224 | D:4      | Noticed a phantom
  3257 | D:4      | Killed a phantom
  3257 | D:4      | Reached skill level 8 in Slings
  3368 | D:4      | You fall into a shaft and drop 1 floor!
  3368 | D:5      | Entered Level 5 of the Dungeon
  3427 | D:5      | HP: 2/41 [jelly (2)]
  3427 | D:5      | Splashed by a jelly's acid

Levels and vault maps discovered:
D:1:      mrwooster_arrival_statue_3, layout_loops_ring
D:2:      layout_loops_ring, chequers_ecumenical_altar_simple_redux,
          uniq_sigmund
D:3:      layout_rooms, uniq_jessica, uniq_robin
D:4:      layout_basic, nemelex_xobeh_ov_fountains_minmay, serial_shops,
          shop_fountains, shop, nicolae_shop_stone, first_ration, trog_wizard,
          uniq_edmund, uniq_menkaure
D:5:      layout_gridville

Skill      XL: |  1  2  3  4  5  6 |
---------------+-------------------+-----
Slings         | 6 7 8 |  8.5
Short Blades   | 1 |  1.7
Armour         | 1 2 |  2.2
Fighting       | 2 |  2.7
Dodging        | 3 |  3.5
Throwing       | |  0.1
Stealth        | |  1.6
Spellcasting   | |  0.3
Conjurations   | |  0.1

Action                   |  1- 3 |  4- 6 || total
-------------------------+-------+-------++-------
Melee: Short sword       |    84 |    18 ||   102
       Falchion          |       |    23 ||    23
       Dagger            |       |    21 ||    21
 Fire: Hunting sling     |    35 |    58 ||    93
Throw: Dart              |       |     3 ||     3
 Cast: Magic Dart        |     1 |     4 ||     5
Invok: Draw Destruction  |     2 |       ||     2
  Use: Scroll            |     3 |       ||     3
       Potion            |     1 |       ||     1
 Stab: Sleeping          |       |     1 ||     1
  Eat: Chunk             |     3 |     4 ||     7
Armor: Leather armour    |    19 |    21 ||    40
Dodge: Dodged            |    61 |    54 ||   115
       Rpst.: Falchion   |       |     3 ||     3

Table legend:
 A = Non-vault XP
 B = Vault XP
 C = Vault XP percentage of total XP
 D = Non-vault monster count
 E = Vault monster count
 F = Vault count percentage of total count
                 A         B        C        D         E       F
            +---------+---------+-------+---------+---------+-------
      Total |     425 |      74 |  14.8 |      43 |      14 |  24.6
            +---------+---------+-------+---------+---------+-------
        D:1 |      23 |       0 |   0.0 |      13 |       0 |   0.0
        D:2 |      18 |       9 |  33.3 |      11 |       5 |  31.2
        D:3 |      36 |      65 |  64.4 |      11 |       9 |  45.0
        D:4 |     246 |       0 |   0.0 |       6 |       0 |   0.0
        D:5 |     102 |       0 |   0.0 |       2 |       0 |   0.0
            +---------+---------+-------+---------+---------+-------
